 Dungeon Crawl Stone Soup version 0.27-a0-972-gd1521fd518 (webtiles) character file.

Game seed: 2170160968064592610

177 tardwrangler69 the Digger (level 5, -3/38 HPs)
             Began as a Draconian Earth Elementalist on Apr 13, 2021.
             Succumbed to a scorpion's poison
             ... on level 4 of the Dungeon.
             The game lasted 00:01:52 (3433 turns).

tardwrangler69 the Digger (DrEE)                    Turns: 3433, Time: 00:01:52

Health: -3/38      AC:  5    Str: 11    XL:     5   Next: 30%
Magic:  3/10       EV: 12    Int: 16    God:
Gold:   175        SH:  0    Dex: 11    Spells: 9/10 levels left

rFire    . . .     SeeInvis .   d - +1 short sword (venom)
rCold    . . .     Faith    .   (no shield)
rNeg     . . .     Spirit   .   (armour unavailable)
rPois    .         Reflect  .   (helmet restricted)
rElec    .         Harm     .   (no cloak)
rCorr    .         Rampage  .   (no gloves)
Will     .....                  (no boots)
Stlth    ++........             (no amulet)
HPRegen  0.12/turn              (no ring)
MPRegen  0.12/turn              (no ring)

@: lethally poisoned (-3 -> -24), invisible
A: AC +5, unfitting armour, cold-blooded
a: no special abilities


You were on level 4 of the Dungeon.
You visited 1 branch of the dungeon, and saw 4 of its levels.

You collected 175 gold pieces.

Inventory:

Hand Weapons
 d - a +1 short sword of venom (weapon)
Missiles
 b - 64 stones
Jewellery
 a - a ring of flight
Scrolls
 c - a scroll of identify {unknown}
 e - a scroll of vulnerability {unknown}
 f - 5 scrolls of teleportation {unknown}
 g - a scroll of summoning {unknown}
 i - a scroll of amnesia {unknown}
 j - a scroll of brand weapon {unknown}
 k - a scroll of fog {unknown}
Potions
 l - a potion of heal wounds {unknown}


   Skills:
 - Level 1.7 Dodging
 - Level 1.7 Stealth
 + Level 3.3 Spellcasting
 - Level 1.0 Transmutations
 * Level 5.2 Earth Magic


You had 9 spell levels left.
You knew the following spells:

 Your Spells              Type           Power      Damage    Failure   Level
a - Sandblast             Erth           38%        2d10      1%          1

Your spell library contained the following spells:

 Spells                   Type           Power      Damage    Failure   Level
 Passwall                 Tmut/Erth      10%        N/A       8%          2
 Stone Arrow              Conj/Erth      22%        3d8       19%         3
 Petrify                  Tmut/Erth      12%        N/A       45%         4
 Lee's Rapid Deconstruct  Erth           9%         3d8*      50%         5


Dungeon Overview and Level Annotations

Branches:
Dungeon (4/15)
 Temple: D:4-7

Altars:
The Shining One

Annotations:
D:4 Ijyb


Innate Abilities, Weirdness & Mutations

Your plain brown scales are hard. (AC +5)
You cannot fit into any form of body armour.
You are cold-blooded and may be slowed by cold attacks.


Message History

The blast of sand hits the scorpion.
The scorpion is moderately wounded.
The scorpion stings you.
Casting: Sandblast (safe; 1% risk of failure)
Confirm with . or Enter, or press ? or * to list all spells.
Aiming: Sandblast (safe; 1% risk of failure)
Press: ? - help, Shift-Dir - straight line, f/p - scorpion
Aim: a scorpion (moderately wounded, 21% to evade)
The blast of sand hits the scorpion.
The scorpion is heavily wounded.
The scorpion stings you.
The scorpion stings you but does no damage.
Ijyb zaps a wand.
Some rock shatters into small pieces.
Casting: Sandblast (safe; 1% risk of failure)
Confirm with . or Enter, or press ? or * to list all spells.
Aiming: Sandblast (safe; 1% risk of failure)
Press: ? - help, Shift-Dir - straight line, f/p - scorpion
Aim: a scorpion (heavily wounded, 21% to evade)
The blast of sand hits the scorpion.
The scorpion is heavily wounded.
The scorpion stings you!
You are lethally poisoned!
The scorpion poisons you!
A dart slug comes into view.
Casting: Sandblast (safe; 1% risk of failure)
Confirm with . or Enter, or press ? or * to list all spells.
Aiming: Sandblast (safe; 1% risk of failure)
Press: ? - help, Shift-Dir - straight line, f/p - scorpion
Aim: a scorpion (heavily wounded, 21% to evade)
The blast of sand hits the scorpion.
The scorpion is heavily wounded.
* * * LOW HITPOINT WARNING * * *
You feel very sick. The scorpion stings you!
* * * LOW HITPOINT WARNING * * *
You are more poisoned.
The scorpion poisons you!
It was a potion of invisibility.
You fade into invisibility!
You die...

# .... #.
... .. ... .
.#+#.. ..
#..#.##...
.........
#.......w
#@s.....#
#....g####.#
####.## .##
#


You could see Ijyb, a scorpion and a dart slug.

Vanquished Creatures
  A centaur (D:3)
  5 adders
  3 worms
  2 orcs (D:3)
  4 ball pythons
  4 bats
  3 endoplasms
  2 giant cockroaches
  3 goblins
  A hobgoblin (D:2)
  3 jackals (D:3)
  2 quokkas (D:3)
  A frilled lizard (D:2)
  7 kobolds
  2 rats
43 creatures vanquished.

Notes
Turn   | Place    | Note
-------+----------+-------------------------------------------
     0 | D:1      | tardwrangler69 the Draconian Earth Elementalist began the
                  | quest for the Orb.
     0 | D:1      | Reached XP level 1. HP: 14/14 MP: 3/3
   826 | D:1      | Reached XP level 2. HP: 20/20 MP: 5/5
   885 | D:1      | Found a faded altar of an unknown god.
  1367 | D:2      | Reached XP level 3. HP: 21/26 MP: 6/6
  1588 | D:2      | Reached skill level 4 in Earth Magic
  2420 | D:3      | Reached XP level 4. HP: 26/33 MP: 8/8
  2520 | D:3      | Found a glowing golden altar of the Shining One.
  2579 | D:3      | Noticed a centaur
  2588 | D:3      | Killed a centaur
  2589 | D:3      | Reached skill level 5 in Earth Magic
  2589 | D:3      | Reached XP level 5. HP: 34/38 MP: 9/9
  3425 | D:4      | Noticed Ijyb
  3432 | D:4      | HP: 1/38 [scorpion (10)]
  3433 | D:4      | Succumbed to a scorpion's poison

Illustrated notes

Levels and vault maps discovered:
D:1:      minmay_arrival_solitary_statue, layout_basic,
          hellmonk_ecumenical_altar_slurped_away
D:2:      layout_rooms, minmay_ruptured
D:3:      layout_basic, amcnicky_altar_gilded, st_stairs_5
D:4:      gammafunk_cloud_chamber, layout_basic,
          grunt_temple_overflow_gold_and_silver, okawaru_altar_gauntlet_db,
          minmay_temple_entry_drinking_statues, gup_sewer_entry_pipe,
          roderic_batcave, minmay_increasing_density, uniq_ijyb

Skill      XL: |  1  2  3  4 |
---------------+-------------+-----
Earth Magic    | 4 5 |  5.2
Spellcasting   | 3 |  3.3
Dodging        | |  1.7
Stealth        | |  1.7
Transmutations | |  1.0

Action                   |  1- 3 |  4- 6 || total
-------------------------+-------+-------++-------
Melee: Unarmed           |    29 |       ||    29
       Short sword       |    76 |    35 ||   111
       Tailslap          |     5 |     4 ||     9
 Cast: Sandblast         |    10 |     7 ||    17
  Use: Potion            |     1 |     1 ||     2
 Stab: Sleeping          |     4 |     2 ||     6
Armor: Skin              |    35 |    16 ||    51
Dodge: Dodged            |    78 |    31 ||   109

Table legend: (Time is in decaauts)
 A = Elapsed time spent in this place.
 B = Non-inter-level travel time spent in this place.
 C = Inter-level travel time spent in this place.
 D = Time resting spent in this place.
 E = Time spent auto-exploring this place.
 F = Levels seen in this place.
 G = Mean time per level.
                   A        B        C        D        E       F      G
               +--------+--------+--------+--------+--------+-----+--------+
         Total |   3443 |   3327 |    116 |    287 |   2705 |   4 |  860.8 |
       Dungeon |   3443 |   3327 |    116 |    287 |   2705 |   4 |  860.8 |
               +--------+--------+--------+--------+--------+-----+--------+

Top non-repeatable levels by time:
     D:3: 1547 daAuts
     D:1: 1218 daAuts
     D:2: 670 daAuts
     D:4: 7 daAuts
